 Dungeon Crawl Stone Soup version 0.27-a0-13-g87abb2d9eb (webtiles) character file.

Game seed: 8058611679831897772

7 dickylongcocking the Chiller (level 2, -2/19 HPs)
             Began as a Barachi Ice Elementalist on Jan 2, 2021.
             Slain by a leopard gecko (5 damage)
             ... on level 1 of the Dungeon.
             The game lasted 00:00:39 (472 turns).

dickylongcocking the Chiller (BaIE)                  Turns: 472, Time: 00:00:40

Health: -2/19      AC:  2    Str:  9    XL:     2   Next: 0%
Magic:  0/5        EV: 12    Int: 15    God:
Gold:   6          SH:  0    Dex: 12    Spells: 4/5 levels left

rFire    . . .     SeeInvis +   (no weapon)
rCold    . . .     Faith    .   (no shield)
rNeg     . . .     Spirit   .   a - +0 robe
rPois    .         Reflect  .   (no helmet)
rElec    .         Harm     .   (no cloak)
rCorr    .         Rampage  .   (no gloves)
Will     .....                  (no boots)
Stlth    ++........             (no amulet)
HPRegen  0.06/turn              b - ring of see invisible
MPRegen  0.09/turn              (no ring)

@: slow
A: +LOS, swims, slowness 1, strong legs 1
a: Hop


You were on level 1 of the Dungeon.
You visited 1 branch of the dungeon, and saw 1 of its levels.

You collected 6 gold pieces.

Inventory:

Armour
 a - a +0 robe (worn)
Jewellery
 b - a ring of see invisible (left hand)
Scrolls
 c - a scroll of enchant armour {unknown}


   Skills:
 - Level 2.1 Dodging
 - Level 1.7 Stealth
 - Level 2.1 Spellcasting
 * Level 5.3 Ice Magic


You had 4 spell levels left.
You knew the following spells:

 Your Spells              Type           Power        Failure   Level
a - Freeze                Ice            68%          2%          1

Your spell library contained the following spells:

 Spells                   Type           Power        Failure   Level
 Frozen Ramparts          Ice            34%          8%          3
 Ozocubu's Armour         Ice            17%          8%          3
 Hailstorm                Conj/Ice       9%           58%         4
 Summon Ice Beast         Ice/Summ       9%           58%         4


Dungeon Overview and Level Annotations

Branches:
Dungeon (1/15)

Altars:


Innate Abilities, Weirdness & Mutations

You can be seen from farther away. (+LOS)
You can swim through water.
You cover ground slowly.
You can hop short distances.


Message History

Aim: a hobgoblin You freeze the hobgoblin.
The hobgoblin is moderately wounded.
The hobgoblin closely misses you.
Unknown command.
The hobgoblin hits you. The rat misses you.
You see here 15 sling bullets.
The hobgoblin hits you.
* * * LOW HITPOINT WARNING * * *
Casting: Freeze (safe; 2% risk of failure)
Confirm with . or Enter, or press ? or * to list all spells.
Aiming: Freeze (safe; 2% risk of failure)
Press: ? - help, Shift-Dir - straight line, f - rat, p - hobgoblin
Aim: a rat You freeze the rat.
You kill the rat!
You have reached level 2!
The leopard gecko bites you.
You die...

#..#.....(...##........#
#..........###..........
###..#.##.##..............
....#..##.##..............
.........[................
....#....##.(......>.....
#......##............##
#....lg..(..........>
##..@#...#.......##..
#########...#.#........#
.#
#......................#
#.......#................
#.........##.#..........##
#........###...........##
#.......## #............
#.......# #...........#
###.####### #.........


You could see a leopard gecko and a hobgoblin.

Vanquished Creatures
  A hobgoblin (D:1)
  2 kobolds (D:1)
  A bat (D:1)
  A frilled lizard (D:1)
  3 rats (D:1)
8 creatures vanquished.

Notes
Turn   | Place    | Note
-------+----------+-------------------------------------------
     0 | D:1      | dickylongcocking the Barachi Ice Elementalist began the
                  | quest for the Orb.
     0 | D:1      | Reached XP level 1. HP: 13/13 MP: 3/3
     6 | D:1      | Noticed a wolf
     6 | D:1      | Noticed a komodo dragon
     6 | D:1      | Noticed an anaconda
    40 | D:1      | Reached skill level 5 in Ice Magic
   472 | D:1      | Reached XP level 2. HP: 3/19 MP: 0/5
   472 | D:1      | Slain by a leopard gecko

Illustrated notes

Levels and vault maps discovered:
D:1:      onia_arrival_zoo_common, layout_rooms,
          hangedman_abyss_or_decor_lesser_grid, hangedman_decor_growths,
          minmay_vboxes

Skill      XL: |  1 |
---------------+----+-----
Ice Magic      | 5 |  5.3
Dodging        | |  2.1
Stealth        | |  1.7
Spellcasting   | |  2.1

Action                   || total
-------------------------++-------
Melee: Unarmed           ||     1
 Cast: Freeze            ||    13
Armor: Robe              ||     3
Dodge: Dodged            ||    16

Table legend: (Time is in decaauts)
 A = Elapsed time spent in this place.
 B = Non-inter-level travel time spent in this place.
 C = Inter-level travel time spent in this place.
 D = Time resting spent in this place.
 E = Time spent auto-exploring this place.
 F = Levels seen in this place.
 G = Mean time per level.
                   A        B        C        D        E       F      G
               +--------+--------+--------+--------+--------+-----+--------+
         Total |    503 |    503 |      0 |    191 |    197 |   1 |  503.0 |
       Dungeon |    503 |    503 |      0 |    191 |    197 |   1 |  503.0 |
               +--------+--------+--------+--------+--------+-----+--------+

Top non-repeatable levels by time:
     D:1: 503 daAuts
